 Seeded DCSS version 0.30.0-5-g1a98f26d00 (webtiles) character file.

Game seed: 20230508 (custom seed)

2034 Kazon the Trooper (level 9, 0/71 HPs)
             Began as a Demonspawn Berserker on May 8, 2023.
             Was a Priest of Trog.
             Slain by an iguana (10 damage)
             ... on level 5 of the Dungeon.
             The game lasted 00:19:44 (3783 turns).

Kazon the Trooper (Demonspawn Berserker)            Turns: 3783, Time: 00:19:44

Health: 0/71       AC: 13    Str: 18    XL:     9   Next: 3%
Magic:  18/18      EV: 11    Int: 11    God:    Trog [***...]
Gold:   294        SH:  0    Dex: 14    Spells: 8/8 levels left

rFire   . . .        s - +3 falchion
rCold   . . .        (no shield)
rNeg    . . .        j - +0 scale mail
rPois   .            i - +2 helmet
rElec   .            (no cloak)
rCorr   .            (no gloves)
SInv    .            b - +0 pair of boots
Will    .....        (no amulet)
Stlth   +            m - ring of magical power
HPRegen 0.31/turn    (no ring)
MPRegen 0.16/turn

%: no passive effects
@: on berserk cooldown, slowed, very slow
A: claws 2, rugged brown scales 1, demonic guardian 1, foul stench 2
a: Renounce Religion, Berserk, Trog's Hand


You were on level 5 of the Dungeon.
You worshipped Trog.
Trog was most pleased with you.
You visited 1 branch of the dungeon, and saw 5 of its levels.

You collected 294 gold pieces.

Inventory:

Hand Weapons
 e - a +1 vampiric dagger
 s - a +3 falchion (weapon)
Missiles
 c - a stone
 r - 2 poisoned darts (quivered)
Armour
 b - a +0 pair of boots (worn)
 i - a +2 helmet (worn)
 j - a +0 scale mail (worn)
Jewellery
 m - a ring of magical power (left claw)
Wands
 y - a wand of iceblast (7)
Scrolls
 a - a scroll of teleportation {unknown}
 d - a scroll of immolation
 f - 3 scrolls of noise {unknown}
 g - 2 scrolls of enchant weapon
 h - 2 scrolls of fog {unknown}
 l - a scroll of fear {unknown}
 q - 3 scrolls of summoning {unknown}
 t - a scroll of brand weapon {unknown}
 w - a scroll of enchant armour {unknown}
 x - 2 scrolls of identify {unknown}
 z - a scroll of vulnerability {unknown}
Potions
 k - a potion of haste {unknown}
 n - 2 potions of invisibility {unknown}
 o - a potion of heal wounds {unknown}
 p - a potion of berserk rage {unknown}
 u - a potion of mutation {unknown}
 v - 2 potions of cancellation {unknown}
 A - a potion of curing {unknown}


   Skills:
 + Level 6.1 Fighting
 + Level 6.0(6.7) Short Blades
 + Level 4.2(5.8) Long Blades
 + Level 4.4 Throwing
 + Level 5.7 Armour
 + Level 4.9 Dodging
 + Level 4.1 Stealth
 + Level 3.6 Shields
 * Level 2.3 Evocations


You had 8 spell levels left.
You didn't know any spells.
Your spell library was empty.

Dungeon Overview and Level Annotations

Branches:
Dungeon (5/15)
 Temple: D:4-7

Altars:

Annotations:
D:4 1 runed translucent door, qeuew's ghost, amateur DsCK


Innate Abilities, Weirdness & Mutations

You have very sharp fingernails.
You are partially covered in rugged brown scales. (AC +1, +3% HP)
A weak demonic guardian rushes to your aid.
You sometimes emit foul miasma when damaged in melee.


Message History

You emit a cloud of foul miasma!
The yak is engulfed in dark miasma.
The yak is poisoned.
You see here a yak corpse.
You hit the yak.
The yak is moderately wounded.
The yak gores you. The yak barely misses you.
You hit the yak but do no damage.
The yak is moderately wounded.
The yak completely misses you.
You hit the yak.
The yak is heavily wounded.
The yak barely misses you. The yak gores you!
You barely miss the yak.
The yak is heavily wounded.
The yak gores you but does no damage. The yak barely misses you.
You slash the yak!
The yak is severely wounded.
The yak looks more healthy.
The yak closely misses you.
You barely miss the yak.
The yak is severely wounded.
The yak gores you but does no damage. The yak gores you.
You hit the yak.
The yak is almost dead.
The yak gores you!
* * * LOW HITPOINT WARNING * * *
You slash the yak!
You kill the yak!
Trog accepts your kill.
The iguana bites you but does no damage.
You have reached level 9!
Your experience leads to an increase in your attributes!
Increase (S)trength, (I)ntelligence, or (D)exterity?
You feel agile. x2; Your demonic ancestry asserts itself...
You feel the presence of a demonic guardian.
You barely miss the iguana. The iguana bites you.
* * * LOW HITPOINT WARNING * * *
A demonic guardian appears!
You emit a cloud of foul miasma!
You hit the iguana but do no damage.
The iguana is engulfed in dark miasma.
The iguana is poisoned.
The iguana bites you!
You die...

#.......#
#.####### ###
#####.#.#
#........ #.#.#
#....#### #.#.#
###)...#### #.#.#
#>.........
#.#.#####.........
#.#...........####
#.#####........#
#).5†@l........#
#######†.......#
#........#
#.......[#
#........#
#........#
#.............
######.#Y.....
#.#.Y....


You could see an iguana (poisoned, ally target) and a friendly iron imp
(summoned).

Vanquished Creatures
  6 yaks (D:5)
  3 black bears
  A centaur (D:5)
  A phantom (D:4)
  Blork the orc (D:3)
  2 scorpions (D:5)
  A jelly (D:5)
  2 orc priests (D:4)
  An iguana (D:5)
  Terence (D:2)
  An orc wizard (D:4)
  Robin (D:2)
  4 gnolls (D:4)
  5 adders
  A white imp (D:5)
  4 dart slugs
  7 orcs
  6 ball pythons
  8 endoplasms
  2 giant cockroaches (D:1)
  13 goblins
  10 hobgoblins
  4 jackals
  2 kobolds (D:3)
  6 quokkas
  5 bats
  3 frilled lizards
  8 rats
109 creatures vanquished.

Notes
Turn   | Place    | Note
-------+----------+-------------------------------------------
     0 | D:1      | Kazon the Demonspawn Berserker began the quest for the Orb.
     0 | D:1      | Reached XP level 1. HP: 18/18 MP: 1/1
   130 | D:1      | Gained mutation: You may rarely emit foul miasma when
                  | damaged in melee. [demonic ancestry]
   130 | D:1      | Reached XP level 2. HP: 19/24 MP: 2/2
   575 | D:1      | Gained mutation: You are partially covered in rugged brown
                  | scales. (AC +1, +3% HP) [demonic ancestry]
   575 | D:1      | Reached XP level 3. HP: 23/29 MP: 3/3
   670 | D:2      | Noticed Robin
   844 | D:2      | Killed Robin
   856 | D:2      | Reached ** piety under Trog
   930 | D:2      | Reached skill level 1 in Stealth
   957 | D:2      | Noticed Terence
  1023 | D:2      | Killed Terence
  1024 | D:2      | Reached skill level 1 in Throwing
  1024 | D:2      | Reached XP level 4. HP: 36/36 MP: 4/4
  1414 | D:3      | Noticed a black bear
  1434 | D:3      | Killed a black bear
  1435 | D:3      | Gained mutation: You have sharp fingernails. [demonic
                  | ancestry]
  1435 | D:3      | Reached XP level 5. HP: 27/42 MP: 5/5
  2021 | D:4      | Reached skill level 5 in Fighting
  2021 | D:4      | Reached skill level 5 in Short Blades
  2021 | D:4      | Gained mutation: You have very sharp fingernails. [demonic
                  | ancestry]
  2021 | D:4      | Reached XP level 6. HP: 52/52 MP: 6/6
  2102 | D:4      | Found a runed translucent door.
  2153 | D:4      | Noticed Blork the orc
  2163 | D:4      | Noticed qeuew's ghost (amateur DsCK)
  2195 | D:3      | Reached *** piety under Trog
  2210 | D:3      | Killed Blork the orc
  2380 | D:4      | Reached XP level 7. HP: 20/58 MP: 7/7
  2650 | D:4      | Reached skill level 5 in Armour
  3031 | D:5      | Entered Level 5 of the Dungeon
  3587 | D:5      | Reached skill level 1 in Evocations
  3683 | D:5      | Gained mutation: You sometimes emit foul miasma when
                  | damaged in melee. [demonic ancestry]
  3683 | D:5      | Reached XP level 8. HP: 58/65 MP: 8/8
  3782 | D:5      | Gained mutation: A weak demonic guardian rushes to your
                  | aid. [demonic ancestry]
  3782 | D:5      | Reached XP level 9. HP: 15/71 MP: 9/9
  3783 | D:5      | Slain by an iguana

Illustrated notes

Levels and vault maps discovered:
D:1:      lordsloth_arrival_two_stooges, layout_rooms, serial_forest,
          infiniplex_forest_straight_1, infiniplex_forest_diagonal,
          infiniplex_forest_clump_medium, infiniplex_forest_end_3,
          infiniplex_forest_lined_room_2, infiniplex_forest_lined_4_way,
          infiniplex_forest_lined_room_2
D:2:      layout_rooms, uniq_terence, uniq_robin
D:3:      layout_basic, minmay_gold_behind_fungi
D:4:      wander_river, layout_basic, ebering_ghost_inner_flame,
          uniq_blork_the_orc
D:5:      layout_basic

Skill      XL: |  1  2  3  4  5  6  7  8 |
---------------+-------------------------+-----
Short Blades   | 3 4 5 6 |  6.0
Armour         | 2 4 5 |  5.7
Stealth        | 1 4 |  4.1
Throwing       | 1 4 |  4.4
Dodging        | 2 4 |  4.9
Fighting       | 5 6 |  6.1
Long Blades    | 3 4 |  4.2
Shields        | 3 |  3.6
Evocations     | 1 2 |  2.3

Action                     |  1- 3 |  4- 6 |  7- 9 || total
---------------------------+-------+-------+-------++-------
  Melee: Short sword       |    58 |       |       ||    58
         Dagger            |   142 |   234 |   196 ||   572
         Punch             |     1 |     1 |     3 ||     5
         Falchion          |       |       |    66 ||    66
  Throw: Stone             |    18 |     7 |    27 ||    52
         Dart              |       |       |     5 ||     5
 Invoke: Berserk           |     1 |       |     5 ||     6
         Trog's Hand       |       |       |     1 ||     1
    Use: Potion            |       |     1 |       ||     1
         Scroll            |       |     1 |       ||     1
 Armour: Animal skin       |     5 |       |       ||     5
         Leather armour    |    34 |       |       ||    34
         Scale mail        |       |    95 |   121 ||   216
  Dodge: Dodged            |   103 |   102 |   134 ||   339
